 Dungeon Crawl Stone Soup version 0.29-a0-321-gf1c400731a (webtiles) character file.

Game seed: 2803879769056095396

104 sammy202020 the Skirmisher (level 4, -6/37 HPs)
             Began as a Demonspawn Berserker on Apr 4, 2022.
             Was a Believer of Trog.
             Splashed by a jelly's acid (9 damage)
             ... on level 6 of the Dungeon.
             The game lasted 00:03:07 (2503 turns).

sammy202020 the Skirmisher (Demonspawn Berserker)   Turns: 2503, Time: 00:03:07

Health: -6/37      AC:  4    Str: 17    XL:     4   Next: 52%
Magic:  4/4        EV: 11    Int: 11    God:    Trog [**....]
Gold:   152        SH:  0    Dex: 12    Spells: 3/3 levels left

rFire   . . .      SeeInvis .   a - +0 hand axe
rCold   . . .      Faith    .   (no shield)
rNeg    . . .      Spirit   .   n - +0 leather armour
rPois   .          Reflect  .   (no helmet)
rElec   .          Harm     .   g - +0 cloak
rCorr   .          Rampage  .   (no gloves)
Will    ++...                   (no boots)
Stlth   +.........              (no amulet)
HPRegen 1.12/turn               f - +4 ring of protection
MPRegen 0.09/turn               m - ring of flight

@: strong-willed, corroded, flying, regenerating
A: weakness stinger 1
a: Renounce Religion, Berserk, Trog's Hand


You were on level 6 of the Dungeon.
You worshipped Trog.
Trog was pleased with you.
You visited 1 branch of the dungeon, and saw 4 of its levels.

You collected 152 gold pieces.

Inventory:

Hand Weapons
 a - a +0 hand axe (weapon)
 t - a +0 shortbow
Armour
 g - a +0 cloak (worn)
 n - a +0 leather armour (worn)
Jewellery
 f - a +4 ring of protection (left hand)
 m - a ring of flight (right hand)
Scrolls
 d - a scroll of noise {unknown}
 h - 4 scrolls of identify {unknown}
 j - a scroll of torment {unknown}
 o - 2 scrolls of blinking {unknown}
 p - a scroll of amnesia {unknown}
 q - 2 scrolls of fear {unknown}
 r - a scroll of vulnerability {unknown}
 s - a scroll of enchant armour {unknown}
Potions
 b - a potion of might {unknown}
 c - a potion of cancellation {unknown}
 e - a potion of curing {unknown}
 k - 2 potions of heal wounds {unknown}
 l - a potion of flight {unknown}


   Skills:
 * Level 4.1 Fighting
 * Level 3.7 Axes
 + Level 0.0 Slings
 + Level 2.4 Armour
 - Level 1.7 Dodging


You had 3 spell levels left.
You didn't know any spells.
Your spell library was empty.

Dungeon Overview and Level Annotations

Branches:
Dungeon (3/15)

Altars:
Hepliaklqana


Innate Abilities, Weirdness & Mutations

You have a small tail.


Message History

The shaft crumbles and collapses.
A jelly comes into view.
Found a scroll labelled JAGUS IROFF.
The jelly quivers.
You see here a scroll labelled JAGUS IROFF.
You see here a scroll labelled JAGUS IROFF.
You hit the jelly.
Your hands burn!
You tail-slap the jelly.
The jelly is moderately wounded.
The jelly closely misses you.
You hit the jelly. The acid corrodes you!
Your hands burn!
The jelly is moderately wounded.
The jelly closely misses you.
You hit the jelly.
Your hands burn!
The jelly is moderately wounded.
The jelly hits you but does no damage.
You hit the jelly but do no damage.
Your hands burn!
The jelly is moderately wounded.
The jelly barely misses you.
You hit the jelly. The acid corrodes you!
Your hands burn!
Your tail-slap misses the jelly.
The jelly is heavily wounded.
The jelly hits you but does no damage.
You hit the jelly but do no damage.
Your hands burn!
The jelly is heavily wounded.
The jelly hits you.
You are splashed with acid.
* * * LOW HITPOINT WARNING * * *
You hit the jelly.
Your hands burn!
* * * LOW HITPOINT WARNING * * *
The jelly is severely wounded.
The jelly barely misses you.
You hit the jelly but do no damage.
Your hands burn!
* * * LOW HITPOINT WARNING * * *
The jelly is severely wounded.
The jelly closely misses you.
Your skin crawls.
You feel strong-willed. The jelly hits you.
* * * LOW HITPOINT WARNING * * *
You are splashed with acid!
You die...

.. #.###### ##### . #
#....... .... #.#. #....#
#.#. ..... #...# #.#.
#.#..#######...########...
#.....................#...
#.........................
#.....@J...........##.#
#.#######...#########.#
#...# #.# #...# #.# #...#
#.# #...# #J# ..... #.#
...#.


You could see a jelly.

Vanquished Creatures
  An adder (D:2)
  3 gnolls (D:2)
  2 worms (D:2)
  2 dart slugs
  4 endoplasms (D:1)
  A giant cockroach (D:1)
  10 goblins
  7 hobgoblins
  4 quokkas
  4 ball pythons
  7 bats
  4 frilled lizards
  3 kobolds
  3 rats
55 creatures vanquished.

Vanquished Creatures (others)
  2 plants (D:1)
2 creatures vanquished.

Grand Total: 57 creatures vanquished

Notes
Turn   | Place    | Note
-------+----------+-------------------------------------------
     0 | D:1      | sammy202020 the Demonspawn Berserker began the quest for
                  | the Orb.
     0 | D:1      | Reached XP level 1. HP: 18/18 MP: 1/1
   283 | D:1      | Gained mutation: You have a small tail. [demonic ancestry]
   283 | D:1      | Reached XP level 2. HP: 24/24 MP: 2/2
   746 | D:1      | Reached XP level 3. HP: 28/29 MP: 3/3
   778 | D:1      | Found a faded altar of an unknown god.
  1544 | D:2      | Reached XP level 4. HP: 10/37 MP: 4/4
  1546 | D:2      | Reached skill level 4 in Fighting
  1842 | D:2      | Reached ** piety under Trog
  1955 | D:2      | Found a hazy altar of Hepliaklqana.
  2470 | D:3      | You are sucked into a shaft and drop 3 floors!
  2503 | D:6      | Splashed by a jelly's acid

Illustrated notes

Levels and vault maps discovered:
D:1:      sevenhm_arrival_forest_fort_large_4, layout_rooms,
          hellmonk_ecumenical_altar_blasted
D:2:      layout_basic, basic_altar
D:3:      layout_loops_corners, uniq_crazy_yiuf_cottage
D:6:      layout_loops_cross, mainiacjoe_overflow_surrounded_room,
          minmay_mini_ossuary, uniq_maggie

Skill      XL: |  1  2  3  4 |
---------------+-------------+-----
Axes           | 3 |  3.7
Armour         | 2 |  2.4
Fighting       | 4 |  4.1
Dodging        | |  1.7

Action                   |  1- 3 |  4- 6 || total
-------------------------+-------+-------++-------
Melee: Hand axe          |   105 |    54 ||   159
       Tailslap          |     7 |     7 ||    14
Invok: Berserk           |     3 |       ||     3
       Trog's Hand       |       |     1 ||     1
Armor: Animal skin       |    34 |       ||    34
       Leather armour    |     9 |    24 ||    33
Dodge: Dodged            |    71 |    25 ||    96

Table legend: (Time is in decaauts)
 A = Elapsed time spent in this place.
 B = Non-inter-level travel time spent in this place.
 C = Inter-level travel time spent in this place.
 D = Time resting spent in this place.
 E = Time spent auto-exploring this place.
 F = Levels seen in this place.
 G = Mean time per level.
                   A        B        C        D        E       F      G
               +--------+--------+--------+--------+--------+-----+--------+
         Total |   2543 |   2449 |     94 |    305 |   1673 |   4 |  635.8 |
       Dungeon |   2543 |   2449 |     94 |    305 |   1673 |   4 |  635.8 |
               +--------+--------+--------+--------+--------+-----+--------+

Top non-repeatable levels by time:
     D:2: 1297 daAuts
     D:1: 1198 daAuts
     D:6: 33 daAuts
     D:3: 13 daAuts
